 Dungeon Crawl Stone Soup version 0.21-a0-229-g3587535 (webtiles) character file.

265 KristoblXynda the Twirler (level 5, -3/41 HPs)
             Began as a Draconian Gladiator on Sept 1, 2017.
             Was a Follower of Uskayaw.
             Slain by a river rat (6 damage)
             ... in a sewer.
             The game lasted 00:07:42 (2971 turns).

KristoblXynda the Twirler (Draconian Gladiator)     Turns: 2971, Time: 00:07:43

Health: -3/41      AC:  8    Str: 17    XL:     5   Next: 99%
Magic:  6/6        EV: 13    Int:  9    God:    Uskayaw [*.....]
Gold:   50         SH:  0    Dex: 12    Spells: 4/4 levels left

rFire    . . .     SeeInvis .   a - +0 quarterstaff
rCold    . . .     Gourm    +   (shield currently unavailable)
rNeg     . . .     Faith    .   (armour unavailable)
rPois    .         Spirit   .   b - +1 hat
rElec    .         Reflect  .   (no cloak)
rCorr    .         Harm     .   n - +0 pair of gloves
MR       .....                  e - +0 pair of boots
Stlth    +.........             p - amulet of the gourmand
HPRegen  0.13/turn              (no ring)
MPRegen  0.10/turn              (no ring)

@: no status effects
A: unfitting armour, cold-blooded, AC +5
a: Stomp, Renounce Religion


You were in a sewer.
You worshipped Uskayaw.
Uskayaw was noncommittal.
You were completely stuffed.

You visited 1 branch of the dungeon, and saw 4 of its levels.
You also visited: Sewer.

You collected 50 gold pieces.

Inventory:

Hand Weapons
 a - a +0 quarterstaff (weapon)
Missiles
 c - 3 throwing nets (quivered)
 k - 2 javelins
Armour
 b - a +1 hat (worn)
 e - a +0 pair of boots (worn)
 n - a +0 pair of gloves (worn)
Jewellery
 p - an amulet of the gourmand (around neck)
Wands
 u - a wand of clouds (6/9)
Scrolls
 g - a scroll of enchant armour
 j - 3 scrolls of teleportation
 r - a scroll of blinking
Potions
 l - a potion of curing
 m - 2 potions of agility
 s - a potion of flight {unknown}
Comestibles
 d - 10 bread rations
 f - 2 meat rations
 h - 3 fruits
 i - 3 chunks of flesh
 q - a royal jelly


   Skills:
 - Level 2.1 Fighting
 + Level 4.6 Staves
 - Level 3.1 Throwing
 - Level 4.0 Dodging
 + Level 1.5 Invocations
 + Level 0.6 Evocations


You had 4 spell levels left.
You didn't know any spells.

Dungeon Overview and Level Annotations

Branches:
Dungeon (4/15)
 Temple: D:4-7

Altars:
Dithmenos
Fedhas
Uskayaw
Vehumet
Xom


Innate Abilities, Weirdness & Mutations

Your plain brown scales are hard. (AC +5)
You cannot fit into any form of body armour.
You are cold-blooded and may be slowed by cold attacks.


Message History

The river rat barely misses you.
A frilled lizard comes into view.
You barely miss the river rat.
The river rat is almost dead.
The river rat bites you.
You barely miss the river rat.
The river rat is almost dead.
The river rat bites you.
You barely miss the river rat.
The river rat is almost dead.
The river rat bites you!
* * * LOW HITPOINT WARNING * * *
You hit the river rat but do no damage.
The river rat is almost dead.
The river rat bites you.
* * * LOW HITPOINT WARNING * * *
You closely miss the river rat.
The river rat is almost dead.
The river rat bites you.
You die...

### ... ≈≈ #l ## l##r#
#r.### ##r##.# #.#@.##
######.##.# ##†#.#..†.##
##.#.#†####.# #.#####.# ###
##############.#############
≈.≈≈≈≈≈≈..≈≈......≈[≈≈#≈≈≈≈≈
≈.≈≈≈≈≈÷...†.....≈≈.≈≈#≈≈≈≈≈
##.#########################


You could see 2 river rats and 2 frilled lizards.

Vanquished Creatures
  2 worker ants (D:4)
  A gnoll (D:1)
  4 adders
  7 river rats
  4 worms
  2 dart slugs
  4 leopard geckos
  3 giant cockroaches
  7 goblins
  5 hobgoblins
  14 jackals
  8 kobolds
  A quokka (D:2)
  4 ball pythons
  9 bats
  7 frilled lizards
  A quokka skeleton (D:4)
  10 rats
93 creatures vanquished.

Notes
Turn   | Place    | Note
-------+----------+-------------------------------------------
     0 | D:1      | KristoblXynda the Draconian Gladiator began the quest for the Orb.
     0 | D:1      | Reached XP level 1. HP: 17/17 MP: 1/1
   205 | D:1      | Reached XP level 2. HP: 23/24 MP: 2/2
   364 | D:1      | Reached XP level 3. HP: 23/29 MP: 3/3
  1013 | D:2      | Reached XP level 4. HP: 35/36 MP: 4/4
  1530 | D:2      | Found a radiant altar of Vehumet.
  1530 | D:2      | Found a shadowy altar of Dithmenos.
  1536 | D:2      | Found a shimmering altar of Xom.
  1545 | D:2      | Found a blossoming altar of Fedhas.
  1546 | D:2      | Found a hide-covered altar of Uskayaw.
  1562 | D:2      | Became a worshipper of Uskayaw the Reveler
  1685 | D:3      | Reached * piety under Uskayaw
  2097 | D:4      | Reached ** piety under Uskayaw
  2098 | D:4      | Reached XP level 5. HP: 27/41 MP: 5/5
  2102 | D:4      | Reached *** piety under Uskayaw
  2381 | D:4      | Reached skill level 1 in Invocations
  2400 | D:4      | Found a glowing drain.
  2481 | Sewer    | Entered a sewer
  2971 | Sewer    | Slain by a river rat

Vault maps used:
D:1:      minmay_arrival_glassed_features, serial_park_tiny_2
D:2:      chequers_temple_overflow_minitemple, first_bread
D:4:      okawaru_altar_gauntlet_db, lightli_sewer_entry_pipes, uniq_natasha
Sewer:    sewer_co_cracked_pipes

Skill      XL: |  1  2  3  4  5 |
---------------+----------------+-----
Dodging        | 3 4 |  4.0
Throwing       | 2 3 |  3.1
Staves         | 4 |  4.6
Invocations    | 1 |  1.5
Fighting       | |  2.1
Evocations     | |  0.6

Action                   |  1- 3 |  4- 6 || total
-------------------------+-------+-------++-------
Melee: Quarterstaff      |   112 |   204 ||   316
       Tailslap          |     8 |    18 ||    26
  Use: Scroll            |       |     8 ||     8
       Potion            |       |     2 ||     2
 Stab: Sleeping          |       |     3 ||     3
       Paralysed         |       |     1 ||     1
  Eat: Chunk             |       |    20 ||    20
Armor: Skin              |    42 |    69 ||   111
Dodge: Dodged            |   115 |   138 ||   253

Table legend:
 A = Spawn XP
 B = Non-spawn XP
 C = Spawn XP percentage of total XP
 D = Spawn monster count
 E = Non-spawn monster count
 F = Spawn count percentage of total count
 G = Total turns spent on level
                    A         B        C        D         E        F      G
               +---------+---------+-------+---------+---------+-------+---------
         Total |      11 |     368 |   2.9 |       6 |      87 |   6.5 |  2971
               +---------+---------+-------+---------+---------+-------+---------
           D:1 |       8 |      65 |  11.0 |       4 |      28 |  12.5 |   800
           D:2 |       3 |      87 |   3.3 |       2 |      24 |   7.7 |   822
           D:3 |       0 |      19 |   0.0 |       0 |      10 |   0.0 |   468
           D:4 |       0 |     117 |   0.0 |       0 |      10 |   0.0 |   391
         Sewer |       0 |      80 |   0.0 |       0 |      15 |   0.0 |   490
               +---------+---------+-------+---------+---------+-------+---------
